 Dungeon Crawl Stone Soup version 0.28.0-53-g5a82cb258f (webtiles) character file.

Game seed: 1403336019287729011

6861 cbfl8 the Cleaver (level 10, -2/94 HPs)
             Began as a Minotaur Berserker on July 16, 2022.
             Was an Elder of Trog.
             Slain by a fire elemental (4 damage)
             ... summoned by a deep elf pyromancer
             ... on level 8 of the Dungeon.
             The game lasted 00:09:27 (8670 turns).

cbfl8 the Cleaver (Minotaur Berserker)              Turns: 8670, Time: 00:09:28

Health: -2/94      AC: 10    Str: 22    XL:     10   Next: 78%
Magic:  9/9        EV:  6    Int:  4    God:    Trog [****..]
Gold:   449        SH:  5    Dex: 16    Spells: 9/9 levels left

rFire   + . .      SeeInvis .   I - +0 battleaxe (vorpal)
rCold   . . .      Faith    .   (shield currently unavailable)
rNeg    . . .      Spirit   .   q - +0 scale mail "Etooseli" {Harm +Inv Dex+2}
rPois   .          Reflect  +   (helmet restricted)
rElec   .          Harm     +   H - +0 cloak
rCorr   .          Rampage  .   d - +0 pair of gloves
Will    ++...                   (no boots)
Stlth   +.........              n - amulet of reflection
HPRegen 1.25/turn               x - ring of protection from fire
MPRegen 0.11/turn               (no ring)

@: petrifying, strong-willed, on berserk cooldown, regenerating, slowed, very
slow
A: horns 2, retaliatory headbutt
a: Renounce Religion, Evoke Invisibility, Berserk, Trog's Hand, Brothers in Arms


You were on level 8 of the Dungeon.
You worshipped Trog.
Trog was greatly pleased with you.
You visited 1 branch of the dungeon, and saw 8 of its levels.
You also visited: Sewer and Ossuary.

You collected 705 gold pieces.
You spent 256 gold pieces at shops.

Inventory:

Hand Weapons
 a - a +0 hand axe
 F - a +0 war axe
 I - a +0 vorpal battleaxe (weapon)
Missiles
 u - 2 throwing nets (quivered)
Armour
 b - a +0 animal skin
 d - a +0 pair of gloves (worn)
 g - a +0 leather armour
 k - a +0 ring mail
 q - the +0 scale mail "Etooseli" (worn) {Harm +Inv Dex+2}
   (You found it on level 4 of the Dungeon)

   Dex:       It affects your dexterity (+2).
   +Inv:      It lets you turn invisible.
   Harm:      It increases damage dealt and taken.
 H - a +0 cloak (worn)
 N - a +0 kite shield
Jewellery
 m - an amulet of magic regeneration
 n - an amulet of reflection (around neck)
 s - an amulet of guardian spirit
 x - a ring of protection from fire (left hand)
 J - a ring of magical power
 L - an amulet of faith
 O - a +4 ring of evasion
Wands
 h - a wand of mindburst (13)
 j - a wand of iceblast (35)
 G - a wand of flame (24)
Scrolls
 c - 5 scrolls of teleportation
 f - a scroll of identify
 i - 2 scrolls of vulnerability {unknown}
 l - 2 scrolls of fog
 o - 3 scrolls of immolation
 p - 2 scrolls of fear
 w - a scroll of noise
 y - a scroll of enchant armour {unknown}
 K - a scroll of silence {unknown}
 M - a scroll of summoning {unknown}
Potions
 e - 2 potions of haste {unknown}
 r - 2 potions of flight {unknown}
 t - a potion of invisibility {unknown}
 v - 2 potions of lignification {unknown}
 z - a potion of curing {unknown}
 A - 3 potions of mutation
 B - a potion of brilliance {unknown}
 C - a potion of might {unknown}
 D - 2 potions of heal wounds {unknown}
 E - 2 potions of resistance {unknown}


   Skills:
 * Level 10.5 Fighting
 + Level 12.3 Axes
 + Level 7.6 Armour
 + Level 4.9 Dodging
 + Level 1.5 Stealth
 + Level 2.1 Shields
 * Level 6.2 Evocations


You had 9 spell levels left.
You didn't know any spells.
Your spell library was empty.

Dungeon Overview and Level Annotations

Branches:
Dungeon (8/15)             Temple (0/1) D:5            Lair (0/6) D:8
  Sewer (visited)         Ossuary (visited)

Altars:
Ashenzari

Shops:
D:6 (


Innate Abilities, Weirdness & Mutations

You have a pair of horns on your head.
You reflexively headbutt those who attack you in melee.


Message History

The deep elf pyromancer hits you with a +2 battleaxe of electrocution!
You are electrocuted!
* * * LOW HITPOINT WARNING * * *
The fire elemental hits you. The fire elemental burns you! You resist.
* * * LOW HITPOINT WARNING * * *
A centaur comes into view.
The catoblepas gores you!!
* * * LOW HITPOINT WARNING * * *
The deep elf pyromancer hits you with a +2 battleaxe of electrocution.
* * * LOW HITPOINT WARNING * * *
The fire elemental hits you. The fire elemental burns you! You resist.
* * * LOW HITPOINT WARNING * * *
The centaur shouts!
The fire elemental hits you. The fire elemental burns you! You resist.
* * * LOW HITPOINT WARNING * * *
The catoblepas gores you but does no damage.
The deep elf pyromancer hits you with a +2 battleaxe of electrocution.
* * * LOW HITPOINT WARNING * * *
The fire elemental hits you. The fire elemental burns you! You resist.
* * * LOW HITPOINT WARNING * * *
The catoblepas breathes a plume of calcifying dust at you.
The blast of calcifying dust hits you.
* * * LOW HITPOINT WARNING * * *
The deep elf pyromancer hits you with a +2 battleaxe of electrocution!
* * * LOW HITPOINT WARNING * * *
You turn to flesh and can move again.
Okay, then.
You are too berserk!
You are too berserk!
You slice the catoblepas!!
You kill the catoblepas!
Trog accepts your kill.
You slash the deep elf pyromancer! You barely miss the fire elemental.
You are engulfed in calcifying dust.
You are slowing down.
You are no longer berserk.
You are exhausted.
You feel yourself slow down. The fire elemental hits you.
The fire elemental burns you! You resist.
You die...

#......'.....#
#......#.....#
#............#
####....#######..#
.......## #...##..
......## ##.#..##.
.....## #..##..## ##+#.#
##...#..§# ..)..#.
#....##.@# .....#.
#..#..#E†e#
.....#..##....#.E..#
.....#...#.).##......
.....##..##..#..#c....
......##..#.##.##..#...#
.......##...#.####.##)##
.<......###.....###. ##
......#...##[#.#.##


You could see a deep elf pyromancer, 2 fire elementals and a centaur.

Vanquished Creatures
  A catoblepas (D:8)
  A two-headed ogre (D:8)
  The ghost of DocClef the Chiller, a novice GnIE of Hepliaklqana (D:6)
  An ugly thing (D:8)
  A manticore (D:8)
  Maggie (D:7)
  5 slime creatures (D:8)
  Sigmund (D:6)
  2 wraiths
  A wyvern (D:7)
  A water moccasin (D:8)
  Duvessa (D:5)
  An ice beast (D:7)
  An orc warrior (D:7)
  2 necrophages
  3 black bears
  3 ogres
  A centaur (D:4)
  2 elf zombies (Ossuary)
  2 wyvern zombies (D:7)
  2 bullfrogs (D:7)
  A scorpion (D:5)
  A water moccasin zombie (D:5)
  Dowan (D:5)
  4 wights
  2 centaur zombies
  4 hounds
  5 jellies
  A centaur skeleton (D:7)
  3 orc priests
  A bullfrog skeleton (D:6)
  3 iguanas
  11 orc wizards
  A killer bee zombie (D:8)
  A hound zombie (D:5)
  2 mummies (Ossuary)
  7 adders
  7 gnolls
  A shadow imp (D:6)
  A worm (D:2)
  A dart slug (D:1)
  29 orcs
  8 ball pythons
  19 endoplasms
  11 giant cockroaches
  2 gnoll zombies (Ossuary)
  7 goblins
  5 hobgoblins
  5 kobolds
  5 quokkas
  A bat (D:1)
  7 frilled lizards
  6 goblin zombies
  3 hobgoblin zombies (Ossuary)
  3 orc zombies (Ossuary)
  12 rats
215 creatures vanquished.

Notes
Turn   | Place    | Note
-------+----------+-------------------------------------------
     0 | D:1      | cbfl8 the Minotaur Berserker began the quest for the Orb.
     0 | D:1      | Reached XP level 1. HP: 19/19 MP: 0/0
   247 | D:1      | Reached XP level 2. HP: 27/27 MP: 1/1
   262 | D:1      | Reached skill level 4 in Axes
   832 | D:1      | Reached XP level 3. HP: 20/33 MP: 2/2
  1373 | D:2      | Reached ** piety under Trog
  1470 | D:2      | Found a faded altar of an unknown god.
  1790 | D:2      | Reached skill level 5 in Axes
  1790 | D:2      | Reached XP level 4. HP: 34/41 MP: 3/3
  2199 | D:3      | You fall into a shaft and drop 1 floor!
  2199 | D:4      | Noticed a black bear
  2208 | D:4      | Killed a black bear
  2209 | D:4      | Reached XP level 5. HP: 47/47 MP: 4/4
  2243 | D:4      | Noticed a centaur
  2261 | D:4      | Killed a centaur
  2262 | D:4      | Reached skill level 5 in Fighting
  2262 | D:4      | Reached skill level 6 in Axes
  2262 | D:4      | Reached skill level 1 in Evocations
  2281 | D:4      | Found a sand-covered staircase.
  2290 | Ossuary  | Entered an ossuary
  2611 | Ossuary  | Reached XP level 6. HP: 44/56 MP: 5/5
  3774 | D:4      | Reached XP level 7. HP: 41/62 MP: 6/6
  3877 | D:4      | Found a broken altar of Ashenzari.
  4185 | D:4      | Identified the +0 scale mail "Etooseli" {Harm +Inv Dex+2}
  4233 | D:5      | Entered Level 5 of the Dungeon
  4268 | D:5      | Found a staircase to the Ecumenical Temple.
  4268 | D:5      | Noticed Dowan
  4268 | D:5      | Noticed Duvessa
  4277 | D:5      | Killed Dowan
  4280 | D:5      | Reached skill level 7 in Axes
  4285 | D:5      | Killed Duvessa
  4287 | D:5      | Reached *** piety under Trog
  4966 | D:5      | Reached XP level 8. HP: 70/71 MP: 7/7
  5179 | D:5      | Reached skill level 5 in Armour
  5179 | D:5      | Reached skill level 1 in Stealth
  5336 | D:5      | Reached skill level 8 in Axes
  5712 | D:6      | Noticed Sigmund
  5724 | D:6      | Killed Sigmund
  5802 | D:6      | Found a glowing drain.
  5821 | Sewer    | Entered a sewer
  5932 | Sewer    | Reached skill level 9 in Axes
  6021 | Sewer    | Found a viscous altar of Jiyva.
  6068 | Sewer    | Reached **** piety under Trog
  6434 | D:6      | Found Rekhafa's Antique Weapon Boutique.
  6532 | D:6      | Reached skill level 1 in Shields
  6532 | D:6      | Reached XP level 9. HP: 62/79 MP: 8/8
  6581 | D:6      | Bought a glowing battleaxe for 256 gold pieces
  6709 | D:6      | Found a runed translucent door.
  6710 | D:6      | Noticed DocClef's ghost (novice GnIE)
  6988 | D:6      | Killed DocClef's ghost
  7346 | D:7      | Reached skill level 10 in Axes
  7555 | D:7      | Reached skill level 5 in Evocations
  7874 | D:7      | Noticed Maggie
  7884 | D:7      | Killed Maggie
  7885 | D:7      | Reached XP level 10. HP: 78/90 MP: 9/9
  8076 | D:8      | Reached skill level 11 in Axes
  8328 | D:8      | Identified the +4 robe of Jofiol {Int+4}
  8360 | D:8      | Noticed a two-headed ogre
  8363 | D:8      | Killed a two-headed ogre
  8502 | D:8      | Found a staircase to the Lair.
  8526 | D:8      | Reached skill level 10 in Fighting
  8646 | D:8      | Noticed a green ugly thing
  8646 | D:8      | Noticed a manticore
  8650 | D:8      | Noticed a catoblepas
  8656 | D:8      | Killed a manticore
  8657 | D:8      | Reached skill level 12 in Axes
  8657 | D:8      | Killed a green ugly thing
  8657 | D:8      | Noticed a deep elf pyromancer
  8669 | D:8      | HP: 1/141 [deep elf pyromancer/+2 battleaxe of
                  | electrocution (7)]
  8670 | D:8      | Killed a catoblepas
  8670 | D:8      | Slain by a fire elemental

Illustrated notes

Levels and vault maps discovered:
D:1:      mrwooster_arrival_statue, layout_basic,
          nicolae_concentric_dashed_squares_wild
D:2:      layout_basic, ebering_ecumenical_altar_box, dk_noncrumbling_3,
          corexii_corridor_pit
D:3:      layout_rooms, nrook_loot_triangle, uniq_terence
D:4:      layout_basic, lemuel_tele_altar, enter_ossuary_4
D:5:      layout_rooms, minmay_temple_entry_waves, item_on_display_b,
          uniq_duvessa
D:6:      layout_rooms, ebering_ghost_inner_flame, gup_sewer_entry_pipe,
          serial_shops, nicolae_shop_crystal, uniq_sigmund
D:7:      layout_basic, grunt_decor_cap, uniq_maggie
D:8:      minmay_the_grid_octo_triangle [minmay_the_grid_octo_odd_swirl,
          minmay_the_grid_octo_prize_ultimate_mussel_roller,
          minmay_the_grid_octo_clover], layout_gridville, lair_entry_dummy

Skill      XL: |  1  2  3  4  5  6  7  8  9 10 |
---------------+-------------------------------+-----
Fighting       | 4 5 6 7 8 10 | 10.5
Axes           | 4 5 6 7 9 10 12 | 12.3
Armour         | 3 4 6 7 |  7.6
Evocations     | 1 2 3 5 6 |  6.2
Dodging        | 3 4 |  4.9
Stealth        | 1 |  1.5
Shields        | 1 2 |  2.1

Action                   |  1- 3 |  4- 6 |  7- 9 | 10-12 || total
-------------------------+-------+-------+-------+-------++-------
Melee: Hand axe          |    86 |   121 |   175 |       ||   382
       Headbutt          |    11 |    20 |    39 |    11 ||    81
       Punch             |     1 |     3 |       |       ||     4
       War axe           |       |       |     7 |       ||     7
       Battleaxe         |       |       |    68 |    43 ||   111
Invok: Berserk           |       |     4 |     3 |     2 ||     9
       Trog's Hand       |       |     2 |       |     2 ||     4
  Use: Scroll            |       |       |     1 |     4 ||     5
 Stab: Sleeping          |       |     1 |       |       ||     1
       Petrified         |       |       |       |     1 ||     1
Armor: Animal skin       |     9 |       |       |       ||     9
       Leather armour    |     2 |     3 |       |       ||     5
       Ring mail         |       |    47 |       |       ||    47
       Scale mail        |       |       |    77 |    30 ||   107
Dodge: Dodged            |    49 |    65 |   105 |    21 ||   240
Block: Other             |       |       |    39 |     5 ||    44
